 Dungeon Crawl Stone Soup version 0.26-a0-800-g517d6fe721 (webtiles) character file.

Game seed: 12794912498315967340

1 robertstho the Conjurer (level 1, 0/14 HPs)
             Began as a Ghoul Wanderer on Nov 11, 2020.
             Slain by a goblin (2 damage)
             ... on level 1 of the Dungeon.
             The game lasted 00:00:58 (227 turns).

robertstho the Conjurer (Ghoul Wanderer)             Turns: 227, Time: 00:00:59

Health: 0/14       AC:  2    Str: 13    XL:     1   Next: 20%
Magic:  2/2        EV: 11    Int:  7    God:
Gold:   0          SH:  0    Dex: 10    Spells: 3/3 levels left

rFire    . . .     SeeInvis .   (no weapon)
rCold    + . .     Faith    .   (no shield)
rNeg     + + +     Spirit   .   d - +0 robe
rPois    ∞         Reflect  .   (no helmet)
rElec    .         Harm     .   (no cloak)
rCorr    .         Rampage  .   (no gloves)
MR       .....                  (no boots)
Stlth    +.........             (no amulet)
HPRegen  0.00/turn              (no ring)
MPRegen  0.08/turn              (no ring)

@: no status effects
A: rotting body, claws 1, cold resistance 1, negative energy resistance 3,
inhibited regeneration, torment resistance, unbreathing
a: no special abilities


You were on level 1 of the Dungeon.
You visited 1 branch of the dungeon, and saw 1 of its levels.

Inventory:

Hand Weapons
 a - a +2 whip of flaming
Missiles
 b - a stone (quivered)
Armour
 d - a +0 robe (worn)


   Skills:
 + Level 1.0 Throwing
 + Level 1.8 Spellcasting
   Level 2.4 Conjurations
   Level 2.0 Necromancy
   Level 1.1 Earth Magic
   Level 1.0 Evocations


You had 3 spell levels left.
You didn't know any spells.
Your spell library contained the following spells:

 Spells                   Type           Power        Failure   Level
 Magic Dart               Conj           #...         14%         1
 Sandblast                Erth           #.....       26%         1
 Passwall                 Tmut/Erth      #.......     43%         2
 Stone Arrow              Conj/Erth      #.....       50%         3
 Ensorcelled Hibernation  Hex/Ice        #.....       52%         2
 Slow                     Hex            #.......     52%         2
 Dazzling Flash           Conj/Hex       #.....       58%         3
 Petrify                  Tmut/Erth      #.......     97%         4
 Lee's Rapid Deconstruct  Erth           #.........   100%        5


Dungeon Overview and Level Annotations

Branches:
Dungeon (1/15)

Altars:


Innate Abilities, Weirdness & Mutations

Your body is rotting away.
You thrive by killing the living.
You are immune to poison.
You have sharp fingernails.
Your flesh is cold resistant. (rC+)
You are immune to negative energy. (rN+++)
You do not regenerate when monsters are visible.
You are immune to unholy pain and torment.
You can survive without breathing.


Message History

You scratch the goblin but do no damage.
The goblin hits you.
You closely miss the goblin. The goblin hits you.
You are too injured to fight recklessly!
You are too injured to fight recklessly!
You are too injured to fight recklessly!
You are too injured to fight recklessly!
You are too injured to fight recklessly!
You scratch the goblin but do no damage.
The goblin hits you.
* * * LOW HITPOINT WARNING * * *
You barely miss the goblin. The goblin barely misses you.
You scratch the goblin.
The goblin is heavily wounded.
The goblin hits you.
* * * LOW HITPOINT WARNING * * *
You completely miss the goblin.
The goblin is heavily wounded.
The goblin hits you.
You die...

##''###### .........#
§§§.≈≈≈≈≈#.≈
≈≈..≈≈§≈≈#.≈#
.§.......#.≈#
##''######.≈#
≈≈..≈≈≈≈≈#.≈#
........≈#.≈#######.####
#######.≈#.≈....@g......
........≈#.≈.###..#.#..#
≈≈..≈≈≈≈≈#8≈.# #......##
##''######.≈.# #..#.#.#
8....8..8..≈.# #......#
≈≈..)≈≈≈≈≈≈≈.# #...####
##...........# #####
#############


You could see a goblin.

Vanquished Creatures
  A kobold (D:1)
1 creature vanquished.

Notes
Turn   | Place    | Note
-------+----------+-------------------------------------------
     0 | D:1      | robertstho the Ghoul Wanderer began the quest for the Orb.
     0 | D:1      | robertstho set off with the following items: a +0 club, a
                  | +0 robe; and the following spells available to memorise:
                  | Magic Dart, Sandblast, Passwall, Stone Arrow, Ensorcelled
                  | Hibernation, Slow, Dazzling Flash, Petrify, Lee's Rapid
                  | Deconstruction
     0 | D:1      | Reached XP level 1. HP: 14/14 MP: 2/2
   227 | D:1      | Slain by a goblin

Illustrated notes

Levels and vault maps discovered:
D:1:      lightli_arrival_isolated_outpost, layout_rooms, serial_glass,
          glass_columns_c, glass_columns_a, glass_columns_b, glass_columns_b,
          glass_columns_a, glass_columns_a, glass_columns_c, glass_columns_b,
          glass_columns_b, glass_columns_b, glass_columns_a, glass_columns_a,
          glass_columns_b, glass_columns_a

Action                   || total
-------------------------++-------
Melee: Unarmed           ||    12
Armor: Robe              ||     1
Dodge: Dodged            ||     7

Table legend: (Time is in decaauts)
 A = Elapsed time spent in this place.
 B = Non-inter-level travel time spent in this place.
 C = Inter-level travel time spent in this place.
 D = Time resting spent in this place.
 E = Time spent auto-exploring this place.
 F = Levels seen in this place.
 G = Mean time per level.
                   A        B        C        D        E       F      G
               +--------+--------+--------+--------+--------+-----+--------+
         Total |    228 |    228 |      0 |      0 |    204 |   1 |  228.0 |
       Dungeon |    228 |    228 |      0 |      0 |    204 |   1 |  228.0 |
               +--------+--------+--------+--------+--------+-----+--------+

Top non-repeatable levels by time:
     D:1: 228 daAuts
